 Dungeon Crawl Stone Soup version 0.26.1-2-gb8aa6d0cf2 (webtiles) character file.

Game seed: 1906497462171101958

52 FishyPogo the Ruffian (level 3, -1/30 HPs)
             Began as a Draconian Transmuter on Mar 2, 2021.
             Slain by a gnoll
             ... wielding a +0 spear
              (2 damage)
             ... on level 3 of the Dungeon.
             The game lasted 00:05:46 (1971 turns).

FishyPogo the Ruffian (Draconian Transmuter)        Turns: 1971, Time: 00:05:46

Health: -1/30      AC:  6    Str: 12    XL:     3   Next: 60%
Magic:  4/6        EV: 12    Int: 14    God:
Gold:   86         SH:  0    Dex: 11    Spells: 3/6 levels left

rFire    . . .     SeeInvis .     - Unarmed
rCold    . . .     Faith    .   (no shield)
rNeg     . . .     Spirit   .   (armour unavailable)
rPois    .         Reflect  .   (helmet restricted)
rElec    .         Harm     .   m - +0 cloak
rCorr    .         Rampage  .   (no gloves)
Will     .....                  (no boots)
Stlth    +.........             (no amulet)
HPRegen  0.10/turn              (no ring)
MPRegen  0.10/turn              (no ring)

@: wereblooded (expiring)
A: unfitting armour, cold-blooded, AC +5
a: no special abilities


You were on level 3 of the Dungeon.
You visited 1 branch of the dungeon, and saw 4 of its levels.

You collected 86 gold pieces.

Inventory:

Hand Weapons
 j - a +1 hunting sling
Missiles
 a - 8 poisoned darts
 b - 54 stones
 g - 32 sling bullets
Armour
 m - a +0 cloak (worn)
Scrolls
 c - 3 scrolls of remove curse {unknown}
 f - 3 scrolls of enchant armour {unknown}
 h - 3 scrolls of identify {unknown}
 l - 2 scrolls of fog {unknown}
 n - a scroll of teleportation {unknown}
 o - a scroll of enchant weapon
Potions
 d - a potion of mutation {unknown}
 e - 3 potions of curing {unknown}
 i - a potion of degeneration {unknown}
 k - a potion of flight {unknown}


   Skills:
 * Level 2.5 Fighting
 - Level 2.0 Dodging
 + Level 3.3 Unarmed Combat
 - Level 2.0 Spellcasting
 * Level 2.9 Transmutations


You had 3 spell levels left.
You knew the following spells:

 Your Spells              Type           Power        Failure   Level
u - Wereblood             Tmut           9%           11%         2
y - Beastly Appendage     Tmut           18%          7%          1

Your spell library contained the following spells:

 Spells                   Type           Power        Failure   Level
 Spider Form              Tmut/Pois      2%           36%         3
 Ice Form                 Ice/Tmut       5%           78%         4
 Blade Hands              Tmut           4%           89%         5


Dungeon Overview and Level Annotations

Branches:
Dungeon (4/15)             Temple (0/1) D:4

Altars:


Innate Abilities, Weirdness & Mutations

Your plain brown scales are hard. (AC +5)
You cannot fit into any form of body armour.
You are cold-blooded and may be slowed by cold attacks.


Message History

You headbutt the hobgoblin, but do no damage.
The hobgoblin is almost dead.
You hit the hobgoblin but do no damage. Your kick misses the hobgoblin.
The hobgoblin is almost dead.
The hobgoblin misses you.
You hit the hobgoblin.
You kill the hobgoblin!
You howl as the wereblood boils in your veins!
Your horns disappear.
Your talons disappear.
The gnoll hits you with a +0 spear.
You hit the gnoll.
You tail-slap the gnoll, but do no damage.
The gnoll is lightly wounded.
The gnoll hits you from afar with a +0 halberd!
* * * LOW HITPOINT WARNING * * *
The gnoll hits you with a +0 spear.
* * * LOW HITPOINT WARNING * * *
Your primal bloodlust is almost over.
The gnoll hits you from afar with a +0 spear.
You die...

#.#. #....# #.## #....# #.## . .
#....# #.## .... ####....# #####
#.## .....###.......# #...# #.##
............... #...# #.##
.....##.....#########...#####...
...........ggg.@...)....'.......
###.....#########...###.#...
###.....#[......#...# #.#...
+..........'...g....######.#†..
############..g..g...# #.......
#.......#.###.......
#.......#..##.....##
##########.####'#.# #......g.#
#.#.#


You could see 3 gnolls.

Vanquished Creatures
  A gnoll (D:3)
  A worm (D:2)
  A dart slug (D:2)
  3 leopard geckos
  A ball python (D:3)
  3 giant cockroaches
  2 goblins
  3 hobgoblins
  4 jackals (D:1)
  5 bats
  A frilled lizard (D:2)
  2 kobolds (D:2)
  5 rats
32 creatures vanquished.

Notes
Turn   | Place    | Note
-------+----------+-------------------------------------------
     0 | D:1      | FishyPogo the Draconian Transmuter began the quest for the
                  | Orb.
     0 | D:1      | Reached XP level 1. HP: 16/16 MP: 3/3
   455 | D:1      | Reached XP level 2. HP: 22/23 MP: 5/5
   474 | D:1      | Learned a level 2 spell: Wereblood
  1353 | D:2      | Reached XP level 3. HP: 23/29 MP: 2/6
  1647 | D:4      | Noticed a scorpion
  1970 | D:3      | HP: 1/30 [gnoll/+0 spear (3)]
  1971 | D:3      | Slain by a gnoll

Illustrated notes

Levels and vault maps discovered:
D:1:      minmay_arrival_radiant_lines, layout_basic, chequers_arboretum
D:2:      cheibrodos_old_hovel, layout_loops_cross, makhleb_altar_promises_db
D:3:      layout_basic
D:4:      layout_basic, lemuel_temple_firewalk_b, uniq_robin

Skill      XL: |  1  2 |
---------------+-------+-----
Dodging        | 2 |  2.0
Fighting       | 2 |  2.5
Unarmed Combat | |  3.3
Spellcasting   | |  2.0
Transmutations | |  2.9

Action                   || total
-------------------------++-------
Melee: Unarmed           ||   103
       Kick              ||    19
       Headbutt          ||    11
       Tailslap          ||     7
 Fire: Hunting sling     ||     3
 Cast: Beastly Appendage ||    23
       Wereblood         ||     2
  Use: Scroll            ||     2
 Stab: Sleeping          ||     1
Armor: Skin              ||    30
Dodge: Dodged            ||    81
